Nibbi, neutral female human Valkyrie ----------------------- --------- ###..-..|..|..-....-..|..| |.......|##########|.|..|..|..|....|..|..| |.......| #|.----|-----....----|--+----- | |........##########|.%......@@.....................@ |...<...| #|.-|-----+--.......-|---- --- | |.......-## #|.|..|..| |......{|.. |.......| # #|.|..|.. |.......|.... --------- ### #|.----|-----....%..|.._.| # #|......(.%%...{....|....| ### #|.------+--------.------- # #|. |.+ ### #|.| .| # #|.| |.| ###|.---------------.----------- | #-...............................| #--------------------------------- Nibbi the Fighter Experience level: 6 Strength: 18/01 Dexterity: 13 Constitution: 18 Intelligence: 10 Wisdom: 7 Charisma: 9 Health: 0(62) Energy: 12(12) Def: 12 Gold: 341 Moves: 1694 Dungeon seed: k1k9GPQicv-JjGob Game ID: Nibbi_1554384654 Your Inventory: Coins $ - 341 gold pieces Weapons a - a +1 long sword (weapon in hand) b - a blessed +0 dagger f - a +3 aklys o - a +0 bec de corbin p - 12 +1 darts (in quiver) s - a +0 dwarvish mattock u - a +0 arrow Armor e - an uncursed +3 small shield (being worn) q - an uncursed +0 dwarvish cloak (being worn) r - an uncursed +0 pair of iron shoes (being worn) y - an uncursed +0 dwarvish mithril-coat (being worn) Comestibles c - an uncursed partly eaten food ration g - an uncursed cram ration j - an uncursed banana w - an uncursed candy bar Scrolls t - an uncursed scroll of genocide Spellbooks k - an uncursed spellbook of dig x - an uncursed spellbook of clairvoyance Potions h - an uncursed potion of water Tools d - an uncursed mirror Spells and supernatural/magical abilities: Name Level Category Fail Memory W - pray for help -- divine ? -- Your skills at the end: Fighting Skills Weapon Skills dagger [Basic] long sword [Basic] Spellcasting Skills Final Attributes: You were piously aligned. You were cold resistant. You were stealthy. You are dead. Vanquished creatures: 2 gnome kings 4 gnome lords 2 gnomish wizards a kitten 4 dwarves a kobold lord a werejackal 2 coyotes 2 hobbits a large kobold 2 cave spiders 16 gnomes a gecko 5 jackals 2 foxes a kobold a goblin 4 lichens a kobold zombie a newt 54 creatures vanquished. Voluntary challenges: You were an atheist. You used a wielded weapon 65 times, starting on turn 50. You read items or engraved 2 times, starting on turn 747. You never genocided any monsters. You never polymorphed an object. You never changed form. You used no wishes. You never split a pudding. You never wrote Elbereth's name. You never violated your personal moral code. Dungeon overview: The Dungeons of Doom: levels 1 to 2 Level 1 a fountain, a sink a long staircase Level 2 a bookstore, a fountain stairs to The Gnomish Mines The Gnomish Mines: levels 3 to 5 Level 3 stairs to The Dungeons of Doom Level 4 Level 5 <- You were here a temple to Tyr, some fountains History has recorded: On T:1 you entered the Dungeons of Doom to retrieve the Amulet of Yendor! On T:302 you reached level 2 of The Dungeons of Doom. On T:546 you advanced to experience level 2. On T:788 you reached level 1 of The Gnomish Mines. On T:827 you advanced to experience level 3. On T:893 you advanced to experience level 4. On T:1085 you reached level 2 of The Gnomish Mines. On T:1155 you advanced to experience level 5. On T:1437 you reached level 3 of The Gnomish Mines. On T:1591 you advanced to experience level 6. Score breakdown: Gold: 341 ( 8619 points) Experience: 6 levels (12456 points) Exploration: 5 levels ( 10.87%) ( 8944 points) Discoveries: 3 items ( 1.22%) ( 3312 points) Valuables value: (no points given unless you survive) Artifact value: 0 ( 0 points) Variety of kills: 20 monsters ( 5.25%) ( 6873 points) Turncount: 1694 turns ( 0 points) Survival: died (score multiplied by 80%) Total score: 32163 Latest messages: WHAMMM!!! You hear someone yell: "Hey, stop damaging that door!" WHAMMM!!! You hear someone yell: "Halt, vandal! You're under arrest!" You see an angry guard approaching! You miss the watch captain. The watch captain wields a long sword! The watch captain swings her long sword. The watch captain hits! You miss the watch captain. The watch captain swings her long sword. The watch captain hits! The watch captain swings her long sword. The watch captain hits! You hit the watch captain! The watch captain swings her long sword. The watch captain hits! You die... Final status: Farvel Nibbi the Valkyrie, killed by a watch captain... You died in The Gnomish Mines on dungeon level 5 with 32163 points, and 341 pieces of gold, after 1694 moves. You were level 6 with a maximum of 62 hit points when you died.